[Event "Hastings Masters"]
[Site "?"]
[Date "2010.01.04"]
[Round "8"]
[White "Drozdovskij, Yuri"]
[Black "Howell, David W L"]
[Result "1/2-1/2"]
[ECO "D93"]
[WhiteElo "2625"]
[BlackElo "2597"]
[PlyCount "43"]
[EventDate "2010.??.??"]
[SourceDate "2010.01.04"]
[TimeControl "40/6000+30:20/3000+30:900+30"]

1. d4 Nf6 2. c4 g6 3. Nf3 Bg7 4. Nc3 d5 5. Bf4 O-O 6. e3 c5 7. dxc5 Ne4 8. Rc1
Nxc3 9. bxc3 dxc4 10. Qxd8 Rxd8 11. Bxc4 Nd7 12. Rd1 Rf8 13. Bg5 Bxc3+ 14. Ke2
Bf6 15. Bxf6 exf6 16. Rd5 Re8 17. Rb1 Re7 18. Nd4 Ne5 19. Bb5 Bg4+ 20. f3 Be6
21. Nxe6 fxe6 22. Rd6 1/2-1/2

[Event "Hastings Masters"]
[Site "?"]
[Date "2010.01.04"]
[Round "8"]
[White "Istratescu, Andrei ROU"]
[Black "Ansell, Simon T"]
[Result "1-0"]
[ECO "B32"]
[WhiteElo "2624"]
[BlackElo "2387"]
[PlyCount "83"]
[EventDate "2010.??.??"]
[SourceDate "2010.01.04"]
[TimeControl "40/6000+30:20/3000+30:900+30"]

1. e4 c5 2. Nf3 Nc6 3. d4 cxd4 4. Nxd4 e5 5. Nb5 d6 6. N1c3 a6 7. Na3 b5 8. Nd5
Nf6 9. c4 b4 10. Nxf6+ Qxf6 11. Qd5 Bd7 12. Nc2 Rb8 13. Be2 Qd8 14. h3 Qc8 15.
b3 Be7 16. Bg4 Be6 17. Qd1 O-O 18. O-O Bxg4 19. Qxg4 a5 20. Rd1 Nd8 21. Ne3
Qxg4 22. hxg4 Nb7 23. Nd5 Bd8 24. Be3 h6 25. g3 Re8 26. Kg2 Rc8 27. a3 bxa3 28.
Rxa3 Nc5 29. Nc3 Re6 30. f3 Kf8 31. Rd5 Bb6 32. Kf2 Rb8 33. Ke2 Ke8 34. Nb5 Kd7
35. Bxc5 Bxc5 36. Rxa5 Rc8 37. Ra4 Ke7 38. b4 Bb6 39. Ra6 Rb8 40. Rxd6 Rxd6 41.
Nxd6 Kxd6 42. Rxb6+ 1-0

[Event "Hastings Masters"]
[Site "?"]
[Date "2010.01.04"]
[Round "8"]
[White "Hebden, Mark L"]
[Black "Philippe, Christophe"]
[Result "1-0"]
[ECO "E14"]
[WhiteElo "2522"]
[BlackElo "2430"]
[PlyCount "155"]
[EventDate "2010.??.??"]
[SourceDate "2010.01.04"]
[TimeControl "40/6000+30:20/3000+30:900+30"]

1. d4 Nf6 2. Nf3 e6 3. e3 c5 4. c4 b6 5. Nc3 cxd4 6. exd4 Bb7 7. Bd3 Be7 8. O-O
d5 9. cxd5 Nxd5 10. Ne5 O-O 11. Qh5 g6 12. Qh3 Nc6 13. Bh6 Re8 14. Bb5 Rc8 15.
Rad1 Nxc3 16. bxc3 Bf8 17. Rfe1 Bxh6 18. Qxh6 Qf6 19. Ng4 Qg7 20. Qh4 Red8 21.
Re3 g5 22. Qh3 Ne7 23. Re5 Nf5 24. Rde1 Kf8 25. Ne3 Ne7 26. Bc4 h6 27. Bxe6
fxe6 28. Qxe6 Rc6 29. Qb3 Bc8 30. Qa3 Rcd6 31. Nc4 R6d7 32. R5e3 Bb7 33. Ne5
Rd6 34. Ng4 Nf5 35. Re5 Bc8 36. Ne3 Nxe3 37. R1xe3 Qg6 38. Qxa7 R6d7 39. Qa3+
Qd6 40. Qb3 Rf7 41. h3 Kg7 42. f3 Rdf8 43. Qb2 Qf6 44. c4 Bd7 45. Rb3 Qf4 46.
Re4 Qg3 47. d5+ Kh7 48. Qf2 Qxf2+ 49. Kxf2 Bf5 50. Rd4 Ra8 51. a3 Ra6 52. g4
Bd7 53. Re4 Kg7 54. Ke3 Ba4 55. Rc3 Bd7 56. Kd4 Ra4 57. Ke5 Rf6 58. f4 gxf4 59.
Rf3 Ra8 60. Rexf4 Rxf4 61. Rxf4 Rxa3 62. Kd6 Be8 63. Kc7 Rxh3 64. Kxb6 Rd3 65.
Kc7 Kg6 66. d6 Kg5 67. Rf8 Rc3 68. Rxe8 Rxc4+ 69. Kb6 Rd4 70. Kc5 Rd1 71. Re4
Kf6 72. Kc6 Kf7 73. d7 Rc1+ 74. Kd6 Rd1+ 75. Kc7 Rc1+ 76. Kd8 Rd1 77. Re7+ Kf8
78. Re6 1-0

[Event "Hastings Masters"]
[Site "?"]
[Date "2010.01.04"]
[Round "8"]
[White "Greet, Andrew N"]
[Black "Gormally, Daniel W"]
[Result "0-1"]
[ECO "B21"]
[WhiteElo "2423"]
[BlackElo "2479"]
[PlyCount "60"]
[EventDate "2010.??.??"]
[SourceDate "2010.01.04"]
[TimeControl "40/6000+30:20/3000+30:900+30"]

1. e4 c5 2. Be2 Nc6 3. f4 d6 4. Nf3 Nf6 5. d3 Bg4 6. O-O e6 7. Nbd2 Be7 8. h3
Bxf3 9. Nxf3 O-O 10. Be3 c4 11. Qd2 cxd3 12. cxd3 e5 13. Rac1 Rc8 14. a3 a6 15.
b4 exf4 16. Bxf4 d5 17. e5 Nh5 18. Bh2 g6 19. Bd1 Ng7 20. Bb3 a5 21. Qa2 axb4
22. a4 Nf5 23. Bxd5 Ne3 24. Bxc6 Nxf1 25. Rxf1 bxc6 26. e6 Qd5 27. exf7+ Rxf7
28. Qxd5 cxd5 29. Rb1 Rc3 30. Ne5 Bc5+ 0-1

[Event "Hastings Masters"]
[Site "?"]
[Date "2010.01.04"]
[Round "8"]
[White "Bates, Richard A"]
[Black "Arkell, Keith C"]
[Result "1/2-1/2"]
[ECO "E11"]
[WhiteElo "2383"]
[BlackElo "2464"]
[PlyCount "69"]
[EventDate "2010.??.??"]
[SourceDate "2010.01.04"]
[TimeControl "40/6000+30:20/3000+30:900+30"]

1. d4 e6 2. Nf3 Nf6 3. c4 Bb4+ 4. Bd2 Bxd2+ 5. Qxd2 d5 6. e3 O-O 7. Bd3 Nbd7 8.
O-O dxc4 9. Bxc4 a6 10. Qc2 Qe7 11. Nbd2 e5 12. Bd3 exd4 13. exd4 Nb6 14. Rfe1
Qd8 15. Re5 Nbd5 16. Rae1 Nb4 17. Qc4 Nxd3 18. Qxd3 Be6 19. Ne4 h6 20. Nxf6+
Qxf6 21. d5 Bd7 22. Qc3 Qd6 23. Nd4 g6 24. R1e3 Kh7 25. h4 Rae8 26. Qe1 Rxe5
27. Rxe5 h5 28. Qe4 Kg7 29. f4 Qf6 30. Re7 Rd8 31. Nf3 Kf8 32. Ng5 Qxe7 33.
Nh7+ Ke8 34. Nf6+ Kf8 35. Nh7+ 1/2-1/2

[Event "Hastings Masters"]
[Site "?"]
[Date "2010.01.04"]
[Round "8"]
[White "Hawkins, Jonathan"]
[Black "Zdebskaja, Natalia"]
[Result "1/2-1/2"]
[ECO "E20"]
[WhiteElo "2383"]
[BlackElo "2408"]
[PlyCount "95"]
[EventDate "2010.??.??"]
[SourceDate "2010.01.04"]
[TimeControl "40/6000+30:20/3000+30:900+30"]

1. d4 Nf6 2. c4 e6 3. Nc3 Bb4 4. f3 O-O 5. e4 d5 6. cxd5 exd5 7. e5 Nfd7 8. a3
Bxc3+ 9. bxc3 f6 10. exf6 Qe8+ 11. Kf2 Nxf6 12. Bd3 Ne4+ 13. Bxe4 dxe4 14. Qb3+
Kh8 15. f4 Nc6 16. Ne2 Na5 17. Qa2 c6 18. c4 Be6 19. d5 cxd5 20. cxd5 Bg8 21.
Be3 Qh5 22. Rhd1 Rfd8 23. Ng3 Qf7 24. Rac1 Nc6 25. Nxe4 Rxd5 26. Rxd5 Qxd5 27.
Qxd5 Bxd5 28. Nd6 b6 29. Rd1 Ne7 30. f5 Bb3 31. Rc1 Nd5 32. Bd4 Kg8 33. Kf3 Kf8
34. g4 Rd8 35. Rc8 Rxc8 36. Nxc8 Bd1+ 37. Kg3 h5 38. h3 hxg4 39. hxg4 Kf7 40.
Nxa7 g6 41. Nc8 gxf5 42. gxf5 Ba4 43. Kf3 Bd7 44. Nd6+ Ke7 45. Be5 b5 46. Ke4
Nf6+ 47. Kd4 Ne8 48. Nxe8 1/2-1/2

[Event "Hastings Masters"]
[Site "?"]
[Date "2010.01.04"]
[Round "8"]
[White "Jackson, James P"]
[Black "Breder, Dennis"]
[Result "0-1"]
[ECO "B32"]
[WhiteElo "2067"]
[BlackElo "2427"]
[PlyCount "112"]
[EventDate "2010.??.??"]
[SourceDate "2010.01.04"]
[TimeControl "40/6000+30:20/3000+30:900+30"]

1. e4 c5 2. Nf3 Nc6 3. d4 cxd4 4. Nxd4 e5 5. Nb5 d6 6. N1c3 a6 7. Na3 Be6 8.
Nc4 Rb8 9. a4 h6 10. Be3 Nf6 11. Bb6 Qd7 12. Ne3 Ne7 13. Ned5 Nexd5 14. exd5
Bf5 15. f3 h5 16. h4 g6 17. Be3 Bg7 18. Be2 e4 19. Bd4 exf3 20. Bxf3 O-O 21.
O-O Rbc8 22. Be2 Qd8 23. g3 Re8 24. Bd3 Bh3 25. Qf3 Re5 26. Bxe5 Qb6+ 27. Kh1
dxe5 28. a5 Qc7 29. Rfe1 Ng4 30. Bf1 Bxf1 31. Rxf1 f5 32. d6 Qxd6 33. Rad1 Qb8
34. Qd5+ Kh7 35. Qd6 Ne3 36. Qxb8 Rxb8 37. Rfe1 Nxd1 38. Rxd1 b6 39. axb6 Rxb6
40. Na4 Rc6 41. c3 Kh6 42. Kg2 Bf6 43. b3 g5 44. hxg5+ Kxg5 45. c4 e4 46. Rd5
Kg4 47. Nc5 h4 48. gxh4 Bxh4 49. Nd7 Bg3 50. c5 Rh6 51. Ne5+ Bxe5 52. Rxe5 Kf4
53. Rd5 Rg6+ 54. Kf1 Rg3 55. b4 Rc3 56. Rd6 Kf3 0-1